AoeStats
← Jimbo990

Black Forest

518023819Analyzed
4v4 RM · 15d ago on Nov 1, 2026· 71m 17s· 8 players
Game mode
Random Map
Map size
Large (8 player)
Population
200
Speed
Normal
Resources
Standard
Victory
Conquest
Starting age
Dark Age
Ending age
Imperial Age
RankedLock teamsTeams togetherTeam positionsShared explorationLock speedFull tech treeHidden civsTurbo modeCheats
Victory
Defeat
🇨🇿 Bohemians · Czechia
753
+13
🇦🇷 Franks · Argentina
713
+15
🇹🇼 Mongols · Taiwan
688
+16
🇪🇸 Spanish · Spain
606
+18
vs
🇸🇪 Bohemians · Sweden
724
-17
🇸🇪 Romans · Sweden
689
-16
🇪🇸 Teutons · Spain
669
-15
🇬🇧 Persians · United Kingdom
652
-14
Khirs
0:42 Loom
15:48 Feudal Age
16:35 Horse Collar
16:46 Double-Bit Axe
22:24 Castle Age
20:30 Stone Mining
21:16 Gold Mining
22:40 Fletching
23:31 Bow Saw
23:25 Heavy Plow
23:32 Pikeman
24:19 Bodkin Arrow
27:01 Fortified Wall
33:47 Imperial Age
33:31 Coinage
34:27 Cavalier
35:32 Conscription
36:28 Two-Man Saw
35:49 Scale Barding Armor
36:47 Chemistry
37:12 Chain Barding Armor
38:06 Crop Rotation
39:00 Plate Barding Armor
38:52 Ballistics
38:06 Onager
40:17 Elite Teutonic Knight
41:15 Forging
41:06 Scale Mail Armor
42:19 Halberdier
43:26 Ironclad
43:26 Chain Mail Armor
43:46 Iron Casting
44:49 Plate Mail Armor
45:03 Wheelbarrow
44:50 Caravan
48:33 Blast Furnace
47:25 Capped Ram
49:15 Paladin
53:27 Arson
60:24 Siege Engineers
60:01 Siege Onager
Jimbo990
10:44 Feudal Age
13:40 Double-Bit Axe
13:38 Horse Collar
19:56 Castle Age
21:03 Heavy Plow
22:15 Loom
22:16 Town Watch
23:01 Bow Saw
25:05 Murder Holes
25:49 Wheelbarrow
25:38 Forging
25:19 Fletching
27:31 Caravan
27:53 Scale Barding Armor
28:26 Town Patrol
32:59 Imperial Age
30:56 Chain Barding Armor
30:37 Scale Mail Armor
31:12 Masonry
32:37 Cavalier
34:28 Padded Archer Armor
35:06 Ballistics
38:29 Chemistry
38:02 Architecture
38:10 Plate Barding Armor
37:50 Chain Mail Armor
38:35 Crop Rotation
38:53 Husbandry
40:20 Bloodlines
39:43 Pikeman
41:47 Iron Casting
41:50 Savar
63:59 Hand Cart
67:01 Hoardings
jenjak
0:28 Loom
13:32 Feudal Age
13:59 Double-Bit Axe
24:07 Castle Age
23:02 Scale Mail Armor
22:53 Fletching
24:10 Horse Collar
24:14 Pikeman
27:34 Town Watch
28:20 Bodkin Arrow
28:43 Murder Holes
29:50 Chemistry
31:05 Elite Skirmisher
32:26 Bow Saw
34:02 Heavy Plow
37:34 Imperial Age
36:44 Fortified Wall
37:28 Wheelbarrow
38:36 Forging
40:02 Bracer
40:18 Chain Mail Armor
48:42 Conscription
shadow
4:06 Loom
13:07 Feudal Age
20:14 Castle Age
19:07 Gold Mining
19:08 Stone Mining
20:56 Horse Collar
24:16 Man-at-Arms
24:39 Man-at-Arms
26:15 Double-Bit Axe
31:23 Caravan
34:44 Imperial Age
32:00 Town Watch
32:26 Scale Mail Armor
35:32 Wheelbarrow
35:15 Bow Saw
35:20 Heavy Plow
35:32 Long Swordsman
39:21 Gold Shaft Mining
38:53 Town Patrol
39:23 Hand Cart
39:43 Fortified Wall
40:41 Conscription
40:27 Ballistas
42:01 Pikeman
42:42 Squires
42:04 Legionary
44:14 Chemistry
44:45 Halberdier
47:44 Heavy Scorpion
49:06 Chain Mail Armor
50:40 Caravan
52:35 Husbandry
51:56 Cavalier
57:37 Caravan
KrpyCZ
6:03 Loom
12:24 Feudal Age
17:41 Castle Age
15:54 Double-Bit Axe
20:18 Wheelbarrow
19:59 Bow Saw
21:45 Horse Collar
23:44 Heavy Plow
26:51 Fletching
30:14 Bodkin Arrow
30:29 Forging
30:21 Scale Mail Armor
31:17 Hand Cart
33:44 Ballistics
34:25 Chemistry
34:22 Caravan
35:54 Masonry
35:39 Murder Holes
35:55 Fortified Wall
36:01 Wagenburg Tactics
35:23 Pikeman
36:03 Squires
35:48 Arson
36:40 Iron Casting
36:22 Chain Mail Armor
40:04 Imperial Age
40:58 Houfnice
43:37 Conscription
43:59 Bombard Tower
43:47 Siege Engineers
44:13 Architecture
45:57 Halberdier
49:44 Elite Hussite Wagon
59:42 Bracer
60:43 Blast Furnace
60:14 Plate Mail Armor
59:46 Padded Archer Armor
64:55 Hussite Reforms
遇見佩特
1:24 Loom
12:25 Feudal Age
14:17 Double-Bit Axe
21:52 Castle Age
22:06 Horse Collar
23:22 Bow Saw
28:36 Wheelbarrow
28:49 Stone Mining
29:05 Heavy Plow
31:45 Fletching
36:55 Imperial Age
34:48 Hand Cart
35:19 Fortified Wall
37:01 Nomads
37:49 Bloodlines
37:41 Husbandry
38:07 Conscription
38:13 Drill
39:00 Onager
40:37 Light Cavalry
42:04 Bodkin Arrow
43:12 Chemistry
43:03 Thumb Ring
42:22 Elite Skirmisher
45:14 Pikeman
45:55 Squires
45:19 Hussar
48:00 Caravan
49:07 Elite Mangudai
51:07 Heavy Camel Rider
51:53 Padded Archer Armor
54:13 Murder Holes
54:39 Ballistics
54:11 Guard Tower
56:53 Scale Mail Armor
57:04 Forging
56:31 Heavy Scorpion
57:36 Masonry
63:48 Capped Ram
66:25 Iron Casting
65:50 Bracer
66:06 Leather Archer Armor
65:14 Siege Ram
66:32 Arson
67:06 Chain Mail Armor
66:57 Scale Barding Armor
70:43 Hoardings
71:39 Blast Furnace
70:59 Chain Barding Armor
71:10 Plate Mail Armor
71:09 Parthian Tactics
Nacho Calvo
6:49 Loom
13:18 Feudal Age
15:01 Double-Bit Axe
16:49 Wheelbarrow
16:08 Gold Mining
21:45 Castle Age
22:09 Stone Mining
23:46 Gold Shaft Mining
23:24 Bow Saw
28:19 Imperial Age
26:22 Caravan
26:06 Treadmill Crane
27:13 Hand Cart
31:51 Coinage
32:55 Fervor
35:38 Banking
35:12 Town Watch
34:52 Cavalier
35:32 Husbandry
35:42 Scale Barding Armor
35:47 Forging
36:44 Chain Barding Armor
36:12 Paladin
38:01 Chemistry
36:57 Murder Holes
37:22 Ballistics
37:14 Masonry
38:22 Conscription
39:02 Iron Casting
39:02 Plate Barding Armor
40:43 Blast Furnace
41:01 Chivalry
44:56 Hoardings
44:15 Fletching
44:58 Architecture
46:33 Bodkin Arrow
apastrana89
5:24 Loom
13:24 Feudal Age
14:12 Horse Collar
14:23 Double-Bit Axe
18:33 Gold Mining
20:03 Wheelbarrow
20:26 Stone Mining
23:12 Bloodlines
26:23 Castle Age
27:13 Caravan
27:41 Bow Saw
27:36 Heavy Plow
28:14 Hand Cart
28:06 Pikeman
28:52 Scale Mail Armor
33:12 Ballistics
37:44 Imperial Age
36:11 Inquisition
38:18 Elite Conquistador
40:25 Chemistry
41:22 Halberdier
42:22 Chain Mail Armor
42:19 Forging
42:10 Padded Archer Armor
42:01 Fletching
42:17 Scale Barding Armor
Connection lost

Rejoining the realm…

Still unreachable

The connection could not be restored.

Session expired

The server has moved on; the page needs a fresh start.